 Dungeon Crawl Stone Soup version 0.25-a0-166-g16436c4407 (webtiles) character file.

Game seed: 9468359088734830535, levelgen mode: deterministic

571292 jytt13 the Conqueror (level 25, -9/257 HPs)
             Began as a Minotaur Berserker on Nov 22, 2019.
             Was the Champion of Trog.
             Killed from afar by an electric golem (29 damage)
             ... with a bolt of lightning
             ... on level 1 of the Realm of Zot on Nov 23, 2019.
             The game lasted 04:57:51 (66456 turns).

jytt13 the Conqueror (Minotaur Berserker)          Turns: 66456, Time: 04:57:52

Health: -9/257     AC: 37    Str: 29    XL:     25   Next: 65%
Magic:  0/8        EV: 23    Int:  4    God:    Trog [******]
Gold:   3490       SH: 22    Dex: 17    Spells: 24/24 levels left

rFire    + + +     SeeInvis .   b - +5 demon whip "Spellbinder" {antimagic, MR+}
rCold    + + .     Gourm    .   K - +2 shield of Resistance {rF+ rC+ MR+}
rNeg     + . .     Faith    .   J - +5 gold dragon scales
rPois    +         Spirit   +   P - +2 hat
rElec    .         Reflect  +   v - scarf {Spirit}
rCorr    .         Harm     .   D - +2 pair of gloves
MR       ++++.                  y - +2 pair of boots {Fly}
Stlth    ..........             t - +5 amulet of reflection
HPRegen  0.52/turn              F - ring of protection from magic
MPRegen  0.11/turn              V - ring of Untruth {*Corrode rF+ rN+ Dex+2 Stlth+}

@: corroded, very slightly contaminated, invisible
A: retaliatory headbutt, horns 2
}: 3/15 runes: serpentine, barnacled, silver
a: Berserk, Trog's Hand, Brothers in Arms, Renounce Religion, Evoke Flight


You were on level 1 of the Realm of Zot.
You worshipped Trog.
Trog was exalted by your worship.
You were not hungry.

You visited 8 branches of the dungeon, and saw 42 of its levels.
You visited 4 bazaars.
You also visited: Trove, Gauntlet, Ice Cave and Volcano.

You collected 7371 gold pieces.
You spent 3881 gold pieces at shops.

Inventory:

Hand Weapons
 a - the +11 demon whip of Gaocautz {venom, rElec rN+ Dex+2}
   (Trog gifted it to you on level 5 of the Vaults)

   It poisons the flesh of those it strikes.
   It affects your dexterity (+2).
   It insulates you from electricity.
   It protects you from negative energy.
 b - the +5 demon whip "Spellbinder" (weapon) {antimagic, MR+}
   (Trog gifted it to you on level 3 of the Vaults)

   It reduces the magical energy of the wielder, and disrupts the spells and
   magical abilities of those hit.
   Natural abilities and divine invocations are not affected.
   It affects your resistance to hostile enchantments.
Missiles
 O - 2 throwing nets (quivered)
 R - 37 silver javelins
Armour
 v - a scarf of spirit shield (worn)
 y - a +2 pair of boots of flying (worn)
 D - a +2 pair of gloves (worn)
 J - +5 gold dragon scales (worn)
 K - the +2 shield of Resistance (worn) {rF+ rC+ MR+}
   (You found it on level 3 of the Lair of Beasts)

   It protects you from fire.
   It protects you from cold.
   It affects your resistance to hostile enchantments.
 P - a +2 hat (worn)
Jewellery
 q - the cursed necklace of Bloodlust {*Rage +Rage MR++ Int-3 Slay+6 *Curse}
   (You found it in a treasure trove)

   [amulet of rage]

   It affects your intelligence (-3).
   It affects your accuracy and damage with ranged weapons and melee attacks
   (+6).
   It affects your resistance to hostile enchantments.
   It lets you go berserk.
   It may make you go berserk in combat.
   It curses itself when equipped.
   It has a curse placed upon it.
 t - a +5 amulet of reflection (around neck)
 x - an uncursed ring of see invisible
 F - a ring of protection from magic (left hand)
 M - the cursed ring of the Enemy {MR++ Str-3}
   (You took it off a merfolk impaler on level 2 of the Shoals)

   [ring of strength]

   It affects your strength (-3).
   It affects your resistance to hostile enchantments.
   It has a curse placed upon it.
 V - the ring of Untruth (right hand) {*Corrode rF+ rN+ Dex+2 Stlth+}
   (You bought it in a shop on level 9 of the Dungeon)

   [ring of stealth]

   It affects your dexterity (+2).
   It protects you from fire.
   It protects you from negative energy.
   It may corrode you when you take damage.
   It makes you more stealthy.
 W - an uncursed ring of poison resistance
 Y - the amulet "Cusob" {Reflect rElec rN+++ MR- SH+2 Stlth+}
   (You took it off a death knight on level 4 of the Vaults)

   [amulet of reflection]

   It shields you and reflects attacks.
   It insulates you from electricity.
   It renders you almost immune to negative energy.
   It affects your resistance to hostile enchantments.
   It affects your SH (+2).
   It makes you more stealthy.
Wands
 Q - a wand of paralysis (34)
 T - a wand of digging (7)
 U - a wand of acid (38)
 X - a wand of iceblast (8)
Scrolls
 f - 20 scrolls of teleportation
 g - 8 scrolls of fear
 i - 9 scrolls of identify
 j - 2 scrolls of brand weapon
 k - 8 scrolls of blinking
 l - 20 scrolls of remove curse
 o - 8 scrolls of enchant weapon
 B - 4 scrolls of holy word
 C - 6 scrolls of magic mapping
 H - 2 scrolls of summoning
 N - 7 scrolls of fog
Potions
 d - 3 potions of magic
 e - 5 potions of resistance
 h - 7 potions of haste
 m - 7 potions of cancellation
 n - 8 potions of brilliance
 r - 4 potions of berserk rage
 w - 7 potions of might
 z - a potion of agility
 A - 9 potions of heal wounds
 E - a potion of invisibility
 G - 4 potions of ambrosia
 I - 7 potions of lignification
 L - 6 potions of curing
 S - 3 potions of flight
Miscellaneous
 p - a box of beasts
 s - a phantom mirror
 Z - a lamp of fire
Comestibles
 c - 31 rations


   Skills:
 O Level 27 Fighting
 - Level 16.0 Maces & Flails
 + Level 26.5 Armour
 + Level 26.2 Dodging
 - Level 15.0 Shields
 - Level 5.0 Evocations


You had 24 spell levels left.
You didn't know any spells.
Your spell library was empty.

Dungeon Overview and Level Annotations

Branches:
Dungeon (15/15)            Temple (0/1) D:7            Lair (6/6) D:10
 Shoals (4/4) Lair:4        Snake (4/4) Lair:3        Slime (0/5) Lair:5
    Orc (2/2) D:9             Elf (0/3) Orc:2        Vaults (5/5) D:14
  Crypt (0/3) Vaults:3     Depths (5/5) D:15            Zot (1/5) Depths:5
  IceCv (visited)         Volcano (visited)         Gauntlet (visited)

Altars:
Ashenzari
Cheibriados
Dithmenos
Elyvilon
Fedhas
Gozag
Hepliaklqana
Makhleb
Nemelex Xobeh
Okawaru
Sif Muna
Trog
Wu Jian
Xom
Yredelemnul
Jiyva

Shops:
D:6 }   D:9 =   D:12 (=   Orc:2 }}*:   Snake:2 **   Depths:3 ==}   Depths:4 *

Portals:
Hell: Depths:1 Depths:2 Depths:3 Depths:4 Depths:5
Abyss: Depths:4
Pandemonium: Depths:3
Ziggurat: Depths:2

Annotations:
D:3 exclusion: downstairs
D:7 exclusion: door
D:15 3 runed translucent doors, Foonlieted's ghost, amateur MiGl
Lair:5 exclusion: 3 oklob plants
Shoals:1 exclusion: downstairs
Shoals:2 3 runed translucent doors, Jootiocre's ghost, adept SpEn


Innate Abilities, Weirdness & Mutations

You reflexively headbutt those who attack you in melee.
You have a pair of horns on your head.


Message History

The storm dragon roars deafeningly!
You hear a roar!
The storm dragon roars deafeningly!
You hear a roar!
The electric golem hurls lightning at you.
The bolt of lightning hits you!!
* * * LOW HITPOINT WARNING * * *
You closely miss the electric golem.
The electric golem is lightly damaged.
The storm dragon roars deafeningly!
You hear a roar!
The electric golem hurls lightning at you.
The bolt of lightning hits you.
* * * LOW HITPOINT WARNING * * *
The bolt of lightning misses you.
You miss the electric golem.
The electric golem is lightly damaged.
The storm dragon roars deafeningly!
You hear a roar!
The electric golem hurls lightning at you.
The bolt of lightning hits you!!
* * * LOW HITPOINT WARNING * * *
The bolt of lightning hits you!!
You die...

#.....## #...# ##.....##
#...###### ##.....#
#..###...# ##....#
#...##...##
#.....#####..[...[..#
#..........[........#
#...#......)........#
###.........)....####
#..........8@..# ####
#...##..q.{^...# #.).
#######.....############
#...
#.......D...........###...
#.............>...........
#^..###..............⌠###.
#####...########......# ##
#...# #......# #...#
#...####


You could see an electric golem, a storm dragon (wandering) and a red draconian
scorcher.

Vanquished Creatures
  Mara (Depths:4)
  A juggernaut (Depths:2)
  Sojobo (Vaults:3)
  A shard shrike (Vaults:4)
  6 golden dragons
  7 caustic shrikes
  Nikola (Shoals:1)
  Jory (Depths:4)
  A bone dragon (Depths:5)
  Jorgrun (D:15)
  4 liches
  3 tentacled monstrosities
  The ghost of Gusias the Warrior, an adept OgFE of Sif Muna (Snake:3)
  Rupert (D:12)
  3 quicksilver dragons
  A kraken (Shoals:3)
  A titan (Vaults:4)
  Polyphemus (Shoals:2)
  6 sphinxes
  An ancient champion (Vaults:3)
  7 shadow dragons
  A draconian monk (Zot:1)
  3 storm dragons
  7 tengu reavers
  9 nagarajas
  11 fire giants
  14 frost giants
  16 vault wardens
  2 iron dragons
  A deep elf sorcerer (Depths:2)
  A draconian annihilator (Depths:4)
  Aizul (Shoals:1)
  21 ironheart preservers
  A draconian shifter (Zot:1)
  A deep elf elementalist (Vaults:4)
  A spriggan defender (Depths:4)
  4 entropy weavers
  9 very ugly things
  24 stone giants
  6 vampire knights
  A deep elf demonologist (Vaults:5)
  3 red draconians (Depths:5)
  3 spark wasps (Depths:4)
  3 purple draconians
  A minotaur (Gauntlet)
  A yellow draconian (Depths:5)
  The ghost of Gumption the Unseen, a journeyman SpEn of Gozag (Lair:6)
  21 ettins
  An ettin (shapeshifter) (Depths:2)
  4 merfolk javelineers
  4 white draconians (Depths:5)
  An eidolon (Vaults:3)
  13 yaktaur captains
  14 fire dragons
  4 jiangshi (Depths:4)
  4 deep elf high priests
  6 merfolk impalers
  12 great orbs of eyes
  Josephine (Lair:5)
  Fannar (D:12)
  28 ogre magi
  3 rakshasas
  8 naga warriors
  12 ice dragons
  11 centaur warriors
  23 anacondas
  4 catoblepae
  37 vault guards
  10 hydras
  3 merfolk avatars
  8 spriggan air magi
  A death knight (D:14)
  A dancing weapon (Vaults:4)
  15 deep troll earth magi
  6 death yaks
  5 deep troll shamans
  5 merfolk aquamancers
  105 two-headed ogres
  An alligator snapping turtle (Shoals:4)
  A queen ant (Gauntlet)
  A spriggan berserker (Depths:3)
  2 satyrs
  8 vampire magi
  12 naga sharpshooters
  8 tengu warriors
  2 deep elf knights
  A sun demon (Depths:1)
  6 hell knights
  Urug (Lair:1)
  6 shock serpents
  A spriggan (Depths:5)
  Nergalle (Lair:2)
  3 shadow wraiths
  A titan skeleton (Depths:1)
  3 iron trolls
  2 fire crabs (shapeshifter)
  2 salamander mystics (Snake:4)
  2 storm dragon skeletons
  47 deep trolls
  9 skeletal warriors
  7 glowing orange brains
  3 unseen horrors
  A flayed ghost (Depths:2)
  15 sea snakes
  A shadow demon (Depths:1)
  7 wizards
  2 obsidian statues
  6 naga ritualists
  Pikel (D:8)
  A deep elf archer (Vaults:3)
  8 phantasmal warriors
  16 ironbrand convokers
  A sphinx zombie (Vaults:5)
  13 orc knights
  24 harpies
  12 deep elf magi
  A shining eye (shapeshifter) (Vaults:4)
  6 necromancers
  A wolf spider zombie (D:13)
  2 wolf spiders
  A faun (shapeshifter) (Depths:3)
  A shadow dragon skeleton (Vaults:4)
  2 fire giant zombies (Depths:4)
  11 mana vipers
  68 ugly things
  5 salamanders
  14 fauns
  14 manticores
  5 orc sorcerers
  4 frost giant zombies (Depths:4)
  A moth of wrath (shapeshifter) (Vaults:5)
  An oklob plant (Lair:5)
  A cyclops (shapeshifter) (Vaults:4)
  6 cyclopes
  2 centaur zombies
  8 merfolk sirens
  2 rust devils
  2 moths of wrath (Zot:1)
  3 elephants (Lair:6)
  5 water nymphs
  5 orange demons (D:12)
  13 guardian serpents
  2 ice statues
  15 naga magi
  A fire giant skeleton (Depths:1)
  10 vault sentinels
  31 black mambas
  2 gargoyles (D:14)
  10 spiny frogs
  A guardian serpent (shapeshifter) (D:15)
  A stone giant skeleton (Vaults:4)
  3 rime drakes
  A yaktaur (shapeshifter) (Vaults:4)
  60 yaktaurs
  11 freezing wraiths
  7 tengu conjurers
  A yaktaur skeleton (Depths:1)
  8 komodo dragons
  2 ice devils (Depths:1)
  A queen bee (Gauntlet)
  26 merfolk
  2 red devils (Depths:1)
  A jumping spider (shapeshifter) (Depths:4)
  A queen bee (shapeshifter) (Vaults:3)
  6 trolls
  16 polar bears
  A harpy skeleton (D:15)
  2 hornets
  13 blink frogs
  5 wind drakes
  15 dream sheep
  2 hippogriffs (shapeshifter)
  26 slime creatures
  3 raiju
  6 snapping turtles
  A frost giant simulacrum (Vaults:2)
  A fire dragon zombie (Depths:1)
  10 hippogriffs
  8 redbacks
  19 flying skulls
  A tarantella (Vaults:3)
  A tarantella (shapeshifter) (Vaults:2)
  7 water elementals
  6 wraiths
  6 wyverns
  3 redbacks (shapeshifter)
  2 shadows
  An ettin skeleton (Depths:1)
  A human (D:7)
  2 basilisks (shapeshifter) (D:15)
  An ice dragon skeleton (Depths:1)
  A vampire (D:12)
  2 hungry ghosts
  4 hogs (D:7)
  27 yaks
  9 fire bats
  2 hogs (shapeshifter)
  An elf skeleton (Vaults:5)
  2 basilisks (Lair:5)
  A steam dragon (D:15)
  Menkaure (D:4)
  4 vampire mosquitoes (D:14)
  49 nagas
  A spatial vortex (Vaults:5)
  3 soldier ants
  3 wargs
  2 acid dragons
  7 hell hounds
  An acid dragon (shapeshifter) (Vaults:4)
  A floating eye (Depths:2)
  19 water moccasins
  5 porcupines
  5 ice beasts
  2 black bears
  A black bear (shapeshifter) (Vaults:1)
  17 orc warriors
  3 slaves (D:8)
  10 boggarts
  An eye of draining (D:13)
  24 wolves
  81 ogres
  5 sky beasts
  16 centaurs
  2 human skeletons (Vaults:4)
  11 crocodiles
  2 big kobolds (D:9)
  23 bullfrogs
  A human zombie (Vaults:4)
  2 gnoll sergeants
  A water moccasin zombie (D:6)
  A glowing shapeshifter simulacrum (Depths:1)
  A wyvern skeleton (D:12)
  7 scorpions
  An orc simulacrum (Vaults:1)
  9 killer bees
  5 wights (D:6)
  A spectral wolf (Depths:4)
  4 howler monkeys
  8 crimson imps
  2 bullfrog zombies
  A quasit (D:9)
  7 lava snakes (Volcano)
  16 orc priests
  4 hounds
  6 bullfrog skeletons
  7 centaur skeletons
  11 jellies
  5 iron imps
  4 iguanas
  14 orc wizards
  Terence (D:2)
  9 hell rats
  10 worker ants
  A hound skeleton (D:4)
  A howler monkey zombie (D:6)
  9 gnolls
  A howler monkey skeleton (D:6)
  10 river rats (Lair:2)
  10 adders
  4 shadow imps
  10 white imps
  An ooze (shapeshifter) (Depths:1)
  3 oozes
  2 adder zombies
  An adder skeleton (D:5)
  A worm (D:5)
  3 dart slugs
  5 leopard geckos
  72 orcs
  5 bats
  4 giant cockroaches
  8 goblins
  8 hobgoblins
  14 jackals
  10 kobolds (D:9)
  13 quokkas
  A ball python (D:1)
  5 frilled lizards
  A jackal zombie (D:5)
  20 rats
  3 plants
  A tentacle (Shoals:3)
2064 creatures vanquished.

Vanquished Creatures (collateral kills)
  A golden dragon (Depths:3)
  A lich (Vaults:4)
  Donald (Shoals:1)
  A nagaraja (Snake:2)
  The ghost of Tiapizu the Thaumaturge, an adept GnWz of Ashenzari (Snake:2)
  A fire giant (Vaults:4)
  A stone giant (Vaults:4)
  A very ugly thing (Vaults:4)
  A spark wasp (Depths:3)
  A death ooze (Lair:6)
  2 jiangshi (Depths:4)
  A yaktaur captain (Depths:3)
  A crystal guardian (Vaults:4)
  A great orb of eyes (Vaults:4)
  5 naga warriors
  A death knight (Vaults:4)
  2 anacondas
  A queen ant (Vaults:5)
  2 deep troll shamans
  A hell knight (Volcano)
  2 iron trolls
  A sea snake (Shoals:1)
  4 deep trolls
  A naga ritualist (Snake:3)
  A fire giant zombie (Depths:4)
  A salamander (shapeshifter) (Vaults:4)
  5 black mambas
  A torpor snail (Lair:6)
  A guardian serpent (Snake:4)
  A naga mage (Snake:3)
  3 spiny frogs (Lair:6)
  A molten gargoyle (Volcano)
  A komodo dragon (Lair:6)
  A yaktaur (Depths:4)
  A polar bear (Lair:6)
  A wind drake (Shoals:1)
  A snapping turtle (Shoals:1)
  2 hippogriffs (Lair:6)
  3 blink frogs (Lair:6)
  7 yaks (Lair:6)
  A basilisk (Lair:6)
  A warg (Vaults:3)
  9 nagas
  3 soldier ants (Gauntlet)
  A water moccasin (Lair:6)
  An ogre (Depths:1)
  2 crocodiles (Lair:6)
  5 white imps (Lair:6)
89 creatures vanquished.

Vanquished Creatures (others)
  An ancient lich (Vaults:4)
  A frost giant (Depths:3)
  2 stone giants
  A spark wasp (Zot:1)
  8 yaktaur captains
  An ogre mage (Vaults:1)
  A two-headed ogre (Depths:1)
  A satyr (Shoals:2)
  4 naga sharpshooters (Snake:4)
  A storm dragon zombie (Vaults:5)
  2 shock serpents (Zot:1)
  A sixfirhy (Zot:1)
  A deep elf archer (Vaults:3)
  A deep elf mage (Vaults:3)
  A necromancer (Vaults:4)
  3 fauns
  A cyclops (Vaults:1)
  A vault sentinel (Vaults:4)
  18 yaktaurs
  2 merfolk (Shoals:4)
  An orc warrior (Orc:1)
  5 centaurs
  4 ogres
  A howler monkey (D:9)
  A worker ant (D:9)
  3 gnolls (D:8)
  2 ball lightnings
  2 orcs (D:9)
  4 fire vortices
  7 fungi
  10 plants
  29 tentacles (Shoals:3)
121 creatures vanquished.

Grand Total: 2274 creatures vanquished

Notes
Turn   | Place    | Note
-------+----------+-------------------------------------------
     0 | D:1      | jytt13 the Minotaur Berserker began the quest for the Orb.
     0 | D:1      | Reached XP level 1. HP: 19/19 MP: 0/0
   272 | D:1      | Reached XP level 2. HP: 27/27 MP: 1/1
   663 | D:1      | You fall into a shaft and drop 1 floor!
   811 | D:2      | Noticed Terence
   963 | D:2      | Reached skill level 4 in Fighting
   963 | D:2      | Reached XP level 3. HP: 22/33 MP: 2/2
  1748 | D:2      | Killed Terence
  1864 | D:2      | Found an ornate altar of the Wu Jian Council.
  1935 | D:2      | Reached XP level 4. HP: 34/40 MP: 3/3
  2024 | D:3      | Reached ** piety under Trog
  2252 | D:3      | Reached skill level 5 in Maces & Flails
  2318 | D:3      | Found a burning altar of Makhleb.
  2343 | D:3      | Reached XP level 5. HP: 30/47 MP: 4/4
  2635 | D:3      | Found an iron altar of Okawaru.
  2773 | D:4      | Found a shadowy altar of Dithmenos.
  2803 | D:4      | Noticed Menkaure
  3496 | D:4      | Found a shattered altar of Ashenzari.
  3496 | D:4      | Found a shadowy altar of Dithmenos.
  3541 | D:4      | Found a shimmering blue altar of Sif Muna.
  3633 | D:4      | Reached XP level 6. HP: 54/55 MP: 5/5
  3673 | D:4      | Found a bloodstained altar of Trog.
  3743 | D:4      | Reached skill level 5 in Fighting
  4028 | D:5      | Entered Level 5 of the Dungeon
  4072 | D:5      | Reached skill level 1 in Shields
  4164 | D:5      | Reached *** piety under Trog
  4351 | D:5      | Reached XP level 7. HP: 46/61 MP: 6/6
  4673 | D:5      | Found an iron altar of Okawaru.
  5060 | D:6      | Reached skill level 6 in Fighting
  5100 | D:6      | Reached skill level 5 in Dodging
  5100 | D:6      | Reached XP level 8. HP: 57/70 MP: 7/7
  5110 | D:6      | Found a basalt altar of Yredelemnul.
  5575 | D:6      | Reached **** piety under Trog
  5903 | D:6      | Reached skill level 7 in Fighting
  5928 | D:6      | Found an opulent altar of Gozag.
  5954 | D:6      | Found Vuored's Gadget Shop.
  6145 | D:6      | Found a snail-covered altar of Cheibriados.
  6147 | D:6      | Found a white marble altar of Elyvilon.
  6244 | D:7      | Reached skill level 5 in Shields
  6408 | D:7      | Reached XP level 9. HP: 79/79 MP: 8/8
  6602 | D:7      | Reached skill level 10 in Maces & Flails
  6626 | D:7      | Found a shimmering blue altar of Sif Muna.
  6758 | D:7      | Reached skill level 8 in Fighting
  6807 | D:7      | Found a staircase to the Ecumenical Temple.
  6827 | D:7      | Found a sparkling altar of Nemelex Xobeh.
  7319 | D:8      | Noticed Pikel
  7330 | D:8      | Killed Pikel
  7347 | D:8      | Noticed a brown ugly thing
  7369 | D:8      | Killed a brown ugly thing
  7369 | D:8      | Reached skill level 5 in Armour
  7369 | D:8      | Reached XP level 10. HP: 70/90 MP: 9/9
  8201 | D:9      | Found a staircase to the Orcish Mines.
  8402 | D:9      | Reached ***** piety under Trog
  8508 | D:9      | Found a shimmering altar of Xom.
  8564 | D:9      | Reached skill level 9 in Fighting
  8696 | D:9      | Found Sekax's Jewellery Shoppe.
  9326 | D:10     | Entered Level 10 of the Dungeon
  9354 | D:10     | Noticed a death yak
  9356 | D:10     | Noticed a death yak
  9691 | D:10     | Found a staircase to the Lair.
  9751 | D:10     | Got a heavily runed troll leather armour
  9762 | D:10     | Identified the +4 troll leather armour of the Pink Corner
                  | {rPois rF+ rN+ Regen+ Str-3 Stlth+} (You found it on level
                  | 10 of the Dungeon)
  9799 | D:10     | Reached skill level 1 in Evocations
 10150 | D:10     | Noticed a death yak
 10236 | D:10     | Killed a death yak
 10359 | D:9      | Killed a death yak
 10466 | D:10     | Reached skill level 10 in Fighting
 10602 | D:10     | Reached XP level 11. HP: 99/99 MP: 12/12
 10717 | D:10     | Killed a death yak
 10841 | D:9      | Bought the ring of Untruth {*Corrode rF+ rN+ Dex+2 Stlth+}
                  | for 480 gold pieces
 11123 | D:11     | Noticed a seven-headed hydra
 11142 | D:11     | Killed a seven-headed hydra
 11466 | D:11     | Killed an unseen horror
 11653 | D:12     | Found Cateh's Antique Weapon Boutique.
 11691 | D:12     | Found a portal to a secret trove of treasure.
 11703 | D:12     | Noticed Fannar
 11761 | D:12     | Reached skill level 11 in Fighting
 11763 | D:12     | Noticed a two-headed ogre
 11836 | D:12     | Noticed a cyan ugly thing
 11836 | D:12     | Noticed a cyan ugly thing
 11942 | Lair:1   | Entered Level 1 of the Lair of Beasts
 11942 | Lair:1   | Noticed Urug
 11947 | Lair:1   | Reached skill level 10 in Dodging
 11949 | Lair:1   | Killed Urug
 11971 | Lair:1   | Reached skill level 5 in Evocations
 12265 | Lair:1   | Noticed a five-headed hydra
 12276 | Lair:1   | Killed a five-headed hydra
 12276 | Lair:1   | Reached XP level 12. HP: 79/111 MP: 14/14
 12296 | Lair:1   | Reached ****** piety under Trog
 12350 | Lair:1   | Reached skill level 10 in Armour
 12575 | Lair:1   | Found a dark tunnel.
 12592 | Volcano  | Entered a volcano
 12645 | Volcano  | Reached skill level 12 in Fighting
 12650 | Volcano  | Received a gift from Trog
 12689 | Volcano  | Noticed a two-headed ogre
 12696 | Volcano  | Killed a two-headed ogre
 12720 | Volcano  | Noticed a two-headed ogre
 12720 | Volcano  | Found a bloodstained altar of Trog.
 12720 | Volcano  | Noticed a two-headed ogre
 12720 | Volcano  | Noticed a two-headed ogre
 12721 | Volcano  | Noticed an ogre mage
 12726 | Volcano  | Noticed a two-headed ogre
 12726 | Volcano  | Killed a two-headed ogre
 12727 | Volcano  | Killed a two-headed ogre
 12729 | Volcano  | Killed a two-headed ogre
 12731 | Volcano  | Killed an ogre mage
 12732 | Volcano  | Killed a two-headed ogre
 13115 | D:12     | Bought a slimy flail for 263 gold pieces
 13116 | D:12     | Identified the +8 flail of Fee Simple {flame, Dex+4} (You
                  | bought it in a shop on level 12 of the Dungeon)
 13155 | D:12     | Noticed Rupert
 13178 | D:12     | Killed Rupert
 13178 | D:12     | Reached skill level 13 in Fighting
 13207 | D:12     | Killed a two-headed ogre
 13406 | Lair:2   | Noticed a six-headed hydra
 13421 | Lair:2   | Killed a six-headed hydra
 13662 | Lair:2   | Reached XP level 13. HP: 122/122 MP: 15/15
 13876 | Lair:2   | Received a gift from Trog
 14171 | Lair:2   | Noticed Nergalle
 14181 | Lair:2   | Killed Nergalle
 14648 | Lair:3   | Found a gate leading to a gauntlet.
 14662 | Lair:3   | Found a staircase to the Snake Pit.
 14664 | Gauntlet | Entered a Gauntlet
 14664 | Gauntlet | Found a transporter.
 14664 | Gauntlet | Found a transporter.
 14670 | Gauntlet | Found a transporter.
 14685 | Gauntlet | Found a transporter.
 14702 | Gauntlet | Found a transporter.
 14715 | Gauntlet | Found a transporter.
 14722 | Gauntlet | Noticed a balrug
 14731 | Gauntlet | Found a transporter.
 14799 | Gauntlet | Found a transporter.
 14813 | Gauntlet | Found a transporter.
 14829 | Gauntlet | Found a transporter.
 14843 | Gauntlet | Found a transporter.
 14926 | Gauntlet | Found a transporter.
 14941 | Gauntlet | Found a transporter.
 14946 | Gauntlet | Found a transporter.
 14970 | Gauntlet | Found a transporter.
 14980 | Gauntlet | Found a transporter.
 15375 | Gauntlet | Noticed a minotaur
 15382 | Gauntlet | Killed a minotaur
 15559 | Lair:3   | You are sucked into a shaft and drop 3 floors!
 15559 | Lair:6   | Entered Level 6 of the Lair of Beasts
 15662 | Lair:6   | Reached skill level 14 in Fighting
 15696 | Lair:6   | Found a frozen archway.
 15724 | IceCv    | Entered an ice cave
 15942 | IceCv    | Noticed a frost giant
 15950 | IceCv    | Killed a frost giant
 15950 | IceCv    | Received a gift from Trog
 15968 | IceCv    | Got a warped flail {god gift}
 15970 | IceCv    | Identified the +4 flail "Saejeke" {flame, rElec Int+3}
                  | (Trog gifted it to you in an ice cave)
 16007 | IceCv    | Reached XP level 14. HP: 133/133 MP: 16/16
 16806 | Lair:6   | Found a runed translucent gate.
 16806 | Lair:6   | Found a runed translucent gate.
 16806 | Lair:6   | Found a runed translucent gate.
 16857 | Lair:6   | Found a viscous altar of Jiyva.
 16857 | Lair:6   | Noticed Gumption's ghost (journeyman SpEn)
 16999 | Lair:6   | Reached skill level 15 in Fighting
 17110 | Lair:6   | Received a gift from Trog
 17112 | Lair:6   | Killed Gumption's ghost
 17140 | Lair:6   | Got a warped flail
 17149 | Lair:6   | Identified the +2 flail of Hepliaklqana's Hope {vamp,
                  | Dex+2} (You found it on level 6 of the Lair of Beasts)
 17273 | Lair:5   | Noticed Josephine
 17287 | Lair:5   | Killed Josephine
 17516 | Lair:5   | You are sucked into a shaft and drop 1 floor!
 17739 | Lair:5   | Found a runed translucent door.
 17739 | Lair:5   | Found a viscous altar of Jiyva.
 17742 | Lair:5   | Found a staircase to the Slime Pits.
 18496 | Lair:4   | Found a staircase to the Shoals.
 18851 | Lair:3   | Found the +2 shield of Resistance {rF+ rC+ MR+}
 19685 | D:12     | Found Wasauga's Jewellery Emporium.
 19702 | D:12     | Bought a +5 amulet of reflection for 700 gold pieces
 20228 | D:12     | Found a gateway to a bazaar.
 20366 | D:12     | Killed Fannar
 20366 | D:12     | Reached XP level 15. HP: 143/143 MP: 17/17
 20665 | D:4      | Found a blossoming altar of Fedhas.
 20700 | D:4      | Reached skill level 16 in Fighting
 20827 | D:4      | Killed Menkaure
 21072 | D:13     | Received a gift from Trog
 21400 | D:13     | Reached skill level 15 in Armour
 22070 | D:14     | Reached skill level 15 in Dodging
 22141 | D:14     | Found a gate to the Vaults.
 22893 | D:14     | Reached skill level 10 in Shields
 23283 | D:15     | Entered Level 15 of the Dungeon
 23341 | D:15     | Received a gift from Trog
 23426 | D:15     | Found a runed translucent gate.
 23440 | D:15     | Found a runed translucent gate.
 23441 | D:15     | Found a runed translucent gate.
 23447 | D:15     | Noticed Foonlieted's ghost (amateur MiGl)
 23476 | D:15     | Reached XP level 16. HP: 135/154 MP: 15/18
 23616 | D:15     | Noticed Jorgrun
 23623 | D:15     | Killed Jorgrun
 23779 | D:15     | Reached skill level 17 in Fighting
 23796 | D:15     | Received a gift from Trog
 23805 | D:15     | Found a staircase to the Depths.
 24263 | Bazaar   | Entered a bazaar
 24276 | Bazaar   | Found Rupn's Book Shoppe.
 24276 | Bazaar   | Found Reveek's Weapon Shoppe.
 24312 | Bazaar   | Found Gaajekk's Assorted Antiques.
 24312 | Bazaar   | Found Igrofuirr's Distillery.
 24330 | Bazaar   | Bought a potion of heal wounds for 65 gold pieces
 24330 | Bazaar   | Bought a potion of agility for 52 gold pieces
 24330 | Bazaar   | Bought a potion of invisibility for 104 gold pieces
 24330 | Bazaar   | Bought 2 potions of agility for 104 gold pieces
 24330 | Bazaar   | Bought a potion of heal wounds for 65 gold pieces
 24330 | Bazaar   | Bought a potion of curing for 39 gold pieces
 24330 | Bazaar   | Bought a potion of resistance for 130 gold pieces
 24330 | Bazaar   | Bought 2 potions of might for 104 gold pieces
 24330 | Bazaar   | Bought a potion of cancellation for 104 gold pieces
 24467 | Orc:1    | Entered Level 1 of the Orcish Mines
 24883 | Orc:2    | Entered Level 2 of the Orcish Mines
 25634 | Orc:2    | Found a staircase to the Elven Halls.
 25725 | Orc:2    | Found Heuceq Afot's Gadget Shop.
 25725 | Orc:2    | Found Beilohu's Book Shoppe.
 25726 | Orc:2    | Found Get Seh's Gadget Emporium.
 25726 | Orc:2    | Found Joegil's General Store.
 26666 | Snake:1  | Entered Level 1 of the Snake Pit
 27121 | Snake:1  | Received a gift from Trog
 28154 | Snake:2  | Found a runed translucent gate.
 28154 | Snake:2  | Found a runed translucent gate.
 28154 | Snake:2  | Found a runed translucent gate.
 28164 | Snake:2  | Found an opulent altar of Gozag.
 28223 | Snake:2  | Noticed Tiapizu's ghost (adept GnWz)
 28265 | Snake:2  | Reached XP level 17. HP: 103/163 MP: 12/19
 28637 | Snake:2  | Found a hazy altar of Hepliaklqana.
 28820 | Snake:2  | Found Nielow's Assorted Antiques.
 28820 | Snake:2  | Found Zaepapp's Assorted Antiques.
 28847 | Snake:2  | Killed Tiapizu's ghost
 28847 | Snake:2  | Received a gift from Trog
 28848 | Snake:2  | Got a crude eveningstar {god gift}
 28856 | Snake:2  | Identified the +2 eveningstar of Higar {crush, +Fly MR-
                  | Str+4 Dex+3} (Trog gifted it to you on level 2 of the Snake
                  | Pit)
 28888 | Snake:2  | Bought 3 scrolls of blinking for 450 gold pieces
 28889 | Snake:2  | Bought 2 potions of curing for 156 gold pieces
 29281 | Snake:3  | Reached skill level 18 in Fighting
 29464 | Snake:3  | Found a large runed translucent door.
 29464 | Snake:3  | Found a large runed translucent door.
 29465 | Snake:3  | Noticed Gusias's ghost (adept OgFE)
 29567 | Snake:3  | Killed Gusias's ghost
 30094 | Snake:4  | Entered Level 4 of the Snake Pit
 30272 | Snake:4  | Received a gift from Trog
 30480 | Snake:4  | Identified a scroll of acquirement
 30578 | Snake:4  | Reached skill level 15 in Shields
 30673 | Snake:4  | HP: 8/165 [nagaraja/+0 whip (1)]
 31842 | Snake:4  | Received a gift from Trog
 31970 | Snake:4  | Reached XP level 18. HP: 88/173 MP: 17/20
 31979 | Snake:4  | Reached skill level 15 in Maces & Flails
 33270 | Snake:4  | Got a serpentine rune of Zot
 33443 | Shoals:1 | Entered Level 1 of the Shoals
 33886 | Shoals:1 | Noticed Nikola
 33891 | Shoals:1 | Noticed Donald
 33901 | Shoals:1 | Killed Nikola
 33907 | Shoals:1 | Killed Donald
 34173 | Shoals:1 | Noticed Aizul
 34194 | Shoals:1 | Killed Aizul
 34395 | Shoals:1 | Received a gift from Trog
 34769 | Shoals:1 | Reached skill level 19 in Fighting
 34776 | Shoals:2 | Noticed Polyphemus
 34935 | Shoals:2 | Found a runed translucent gate.
 34935 | Shoals:2 | Found a runed translucent gate.
 34935 | Shoals:2 | Found a runed translucent gate.
 34941 | Shoals:2 | Noticed Jootiocre's ghost (adept SpEn)
 35189 | Shoals:2 | Killed Polyphemus
 35372 | Shoals:2 | Identified the cursed ring of the Enemy {MR++ Str-3}
 35880 | Shoals:3 | Received a gift from Trog
 36959 | Shoals:4 | Entered Level 4 of the Shoals
 37280 | Shoals:4 | Reached XP level 19. HP: 157/183 MP: 17/21
 38282 | Shoals:4 | Received a gift from Trog
 38733 | Shoals:4 | Got a barnacled rune of Zot
 39932 | D:12     | You paid a toll of 15 potions of curing to enter a treasure
                  | trove
 39933 | Trove    | Entered a treasure trove
 39946 | Trove    | Found the cursed necklace of Bloodlust {*Rage +Rage MR++
                  | Int-3 Slay+6 *Curse}
 40017 | Trove    | Identified the amulet "Enuraffy" {Harm *Drain SInv} (You
                  | found it in a treasure trove)
 40029 | Trove    | Identified the amulet of Kishoir {Harm *Drain Dex+2} (You
                  | found it in a treasure trove)
 40151 | Depths:1 | Entered Level 1 of the Depths
 40168 | Depths:1 | Reached skill level 20 in Fighting
 40610 | D:15     | Received a gift from Trog
 40637 | Depths:1 | Found a gateway to Hell.
 43347 | Depths:1 | Received a gift from Trog
 43355 | Depths:1 | Reached XP level 20. HP: 180/195 MP: 20/22
 43981 | Depths:1 | Reached skill level 21 in Fighting
 44892 | Depths:2 | Noticed a golden dragon
 45255 | Depths:1 | Received a gift from Trog
 45952 | Depths:2 | Noticed a golden dragon
 46013 | Depths:2 | Noticed a golden dragon
 46027 | Depths:1 | Killed a golden dragon
 46229 | Depths:1 | Killed a golden dragon
 47169 | Depths:2 | Killed a golden dragon
 47169 | Depths:2 | Reached skill level 22 in Fighting
 47169 | Depths:2 | Reached XP level 21. HP: 207/207 MP: 20/23
 47360 | Depths:2 | Identified the ring "Ufopukk" {*Tele Int-5 Dex+5} (You
                  | found it on level 2 of the Depths)
 47444 | Depths:2 | Noticed a juggernaut
 47458 | Depths:2 | Killed a juggernaut
 47619 | Depths:2 | Received a gift from Trog
 47637 | Depths:2 | Found a gateway to a ziggurat.
 47739 | Depths:2 | Found a shimmering blue altar of Sif Muna.
 47951 | Depths:3 | Found Gaytsuan's Jewellery Boutique.
 47953 | Depths:3 | Found Ron Lar's Gadget Shoppe.
 47954 | Depths:3 | Found Wedisuil's Jewellery Boutique.
 48006 | Depths:3 | Found a one-way gate leading to the halls of Pandemonium.
 48111 | Depths:3 | Found a flickering gateway to a bazaar.
 48200 | Bazaar   | Entered a bazaar
 48379 | Bazaar   | Found Yhuiwi's Antique Weapon Shoppe.
 48394 | Bazaar   | Found Nirhorag's Armour Shoppe.
 48394 | Bazaar   | Found Lecveduycw's Magic Scroll Emporium.
 48703 | Depths:3 | Noticed a caustic shrike
 48716 | Depths:3 | Killed a caustic shrike
 48754 | Depths:3 | Received a gift from Trog
 48849 | Depths:3 | Noticed a golden dragon
 48855 | Depths:3 | Killed a golden dragon
 49265 | Depths:3 | Bought an uncursed ring of see invisible for 225 gold
                  | pieces
 49486 | Depths:4 | Noticed Mara
 49490 | Depths:4 | Noticed jytt13's illusion
 49559 | Depths:4 | Noticed jytt13's illusion
 50322 | Depths:4 | Found a shattered altar of Ashenzari.
 50334 | Depths:4 | Noticed a golden dragon
 50369 | Depths:4 | Killed a golden dragon
 50627 | Depths:4 | Found a one-way gate to the infinite horrors of the Abyss.
 50769 | Depths:4 | Noticed jytt13's illusion
 50790 | Depths:4 | Found Xaxzieg's General Store.
 50847 | Depths:4 | Reached skill level 23 in Fighting
 50874 | Depths:4 | Identified the cursed +0 large shield of Trog's Favour
                  | {Str+2}
 50879 | Depths:4 | Noticed Jory
 51480 | Vaults:1 | Entered Level 1 of the Vaults
 51519 | Vaults:1 | Received a gift from Trog
 51566 | Vaults:1 | Reached XP level 22. HP: 220/220 MP: 24/24
 52180 | Vaults:1 | Received a gift from Trog
 52775 | Vaults:1 | Received a gift from Trog
 53023 | Vaults:2 | Received a gift from Trog
 53045 | Vaults:2 | Identified the +0 triple sword "Seomoq" {vamp, Stlth+}
                  | (Trog gifted it to you on level 2 of the Vaults)
 53707 | Vaults:2 | Received a gift from Trog
 54743 | Vaults:2 | Reached skill level 24 in Fighting
 55113 | Vaults:3 | Found a flickering gateway to a bazaar.
 55126 | Bazaar   | Entered a bazaar
 55146 | Bazaar   | Found Imoat's Magic Scroll Shop.
 55151 | Bazaar   | Bought a scroll of teleportation for 33 gold pieces
 55151 | Bazaar   | Bought a scroll of teleportation for 33 gold pieces
 55151 | Bazaar   | Bought a scroll of enchant weapon for 82 gold pieces
 55159 | Bazaar   | Found Jiaxkuukk's Book Boutique.
 55188 | Bazaar   | Found Seheunan's Gadget Shop.
 55188 | Bazaar   | Found Owny's Magic Scroll Boutique.
 55193 | Bazaar   | Bought a sack of spiders for 300 gold pieces
 55199 | Bazaar   | Bought a scroll of fog for 28 gold pieces
 55199 | Bazaar   | Bought a scroll of blinking for 105 gold pieces
 55199 | Bazaar   | Bought a scroll of identify for 28 gold pieces
 55199 | Bazaar   | Bought a scroll of enchant weapon for 105 gold pieces
 55507 | Vaults:3 | Reached XP level 23. HP: 229/229 MP: 25/25
 55836 | Vaults:3 | Received a gift from Trog
 56576 | Vaults:3 | Found a staircase to the Crypt.
 56629 | Vaults:3 | Received a gift from Trog
 56630 | Vaults:3 | Found the +5 demon whip "Spellbinder" {antimagic, MR+}
 56925 | Vaults:3 | Noticed Sojobo
 56946 | Vaults:3 | Killed Sojobo
 57939 | Vaults:4 | Received a gift from Trog
 57948 | Vaults:4 | Reached skill level 25 in Fighting
 58043 | Vaults:4 | Noticed a shard shrike
 58043 | Vaults:4 | a titan changed into a shard shrike
 58053 | Vaults:4 | Killed a shard shrike
 58376 | Vaults:4 | Found a gateway to a bazaar.
 58418 | Bazaar   | Entered a bazaar
 58418 | Bazaar   | Found Bion's Weapon Boutique.
 58418 | Bazaar   | Found Wiud's Antique Weapon Shop.
 58418 | Bazaar   | Found Qul Qosi's Antique Armour Shop.
 58723 | Vaults:4 | Received a gift from Trog
 58805 | Vaults:4 | Reached XP level 24. HP: 223/243 MP: 7/25
 59175 | Vaults:4 | Upgraded the game from 0.25-a0-163-g00f8f0cddd to
                  | 0.25-a0-166-g16436c4407
 59197 | Vaults:5 | Entered Level 5 of the Vaults
 59197 | Vaults:5 | Noticed an ancient lich
 59934 | Vaults:4 | Received a gift from Trog
 60939 | Vaults:4 | Banished an ancient lich
 60972 | Vaults:5 | Identified the amulet "Cusob" {Reflect rElec rN+++ MR- SH+2
                  | Stlth+}
 61702 | Vaults:5 | Reached skill level 26 in Fighting
 61792 | Vaults:5 | Received a gift from Trog
 61804 | Vaults:5 | Got an ichor-stained demon whip {god gift}
 61805 | Vaults:5 | Identified the +11 demon whip of Gaocautz {venom, rElec rN+
                  | Dex+2} (Trog gifted it to you on level 5 of the Vaults)
 62254 | Vaults:5 | Got a silver rune of Zot
 62341 | Vaults:5 | Identified the Grimoire of Evil
 63253 | Depths:4 | Reached XP level 25. HP: 206/253 MP: 8/25
 63333 | Depths:4 | Killed Mara
 63406 | Depths:4 | Found a basalt altar of Yredelemnul.
 63455 | Depths:4 | Bought a potion of curing for 63 gold pieces
 63455 | Depths:4 | Bought a scroll of teleportation for 63 gold pieces
 63734 | Depths:4 | Killed Jory
 64213 | Depths:5 | Entered Level 5 of the Depths
 64871 | Depths:4 | Received a gift from Trog
 65713 | Depths:5 | Found a gate to the Realm of Zot.
 66231 | Zot:1    | Entered Level 1 of the Realm of Zot
 66336 | Zot:1    | Reached skill level 27 in Fighting
 66456 | Zot:1    | Killed from afar by an electric golem

Levels and vault maps discovered:
D:1:      ebering_trefoil_3fold, layout_loops_ring,
          chequers_serial_rivers_small_b
D:2:      layout_loops_corners, lemuel_round_altar, first_ration,
          palyth_stone_intersect, uniq_terence
D:3:      layout_rooms, old_standard_altar, minmay_strange_pillars,
          kennysheep_okawaru_gauntlet
D:4:      layout_basic, lemuel_doored_altar, lemuel_crystal_altar,
          lemuel_crystal_altar, grunt_temple_overflow_open,
          nicolae_dithmenos_the_darkroom, uniq_menkaure
D:5:      layout_basic, kennysheep_little_box
D:6:      black_bear_nest_1, layout_rooms, yredelemnul_altar_generic,
          grunt_gozag_breadcrumbs, nicolae_overflow_hidden_temple, serial_shops,
          nicolae_shop_behind_doors
D:7:      layout_loops_ring, minmay_temple_entry_grid, basic_altar,
          grunt_livestock, led_sif_book
D:8:      layout_loops_ring, uniq_pikel
D:9:      layout_basic, xom_confusion_cloud, david_orc_2, serial_shops, shop
D:10:     layout_long_grid, dpeg_lair_monsters
D:11:     layout_basic
D:12:     layout_roguey, serial_shops, statue_bzr, shop,
          nicolae_shop_window_shopping, nicolae_trove_entry_crossroad,
          einodemon_barbed_minivault, uniq_rupert, uniq_fannar
D:13:     layout_stronghold
D:14:     layout_stronghold, lightli_vaults_fourway_checkpoint,
          hangedman_decor_growths, serial_bayou_pond_e, argonaut_gorgonesque
D:15:     grunt_enter_depths_hoard, layout_stronghold, gammafunk_ghost_split,
          uniq_jorgrun
Lair:1:   layout_misc_corridors, enter_volcano_3, uniq_urug
Lair:2:   lemuel_ratsnest, layout_layer_cave, uniq_nergalle
Lair:3:   layout_gridlike, minmay_snake_entry_guardpost_small,
          gauntlet_entry_generic
Lair:4:   layout_loops_ring, elwin_shoals_entry_rooms, serial_bayou_shore_a
Lair:5:   layout_gridlike, slime_altar_2, minmay_lair_oklob_chamber,
          grunt_megastairs_5, lemuel_fruit_tree, serial_bayou_shore_b,
          lemuel_fruit_fields, uniq_josephine
Lair:6:   gammafunk_lair_ancient_temple, layout_misc_corridors,
          gammafunk_ghost_ooze, portal_ice_cave_entry_imps
Shoals:1: layout_shoals, uniq_donald, uniq_nikola, uniq_aizul
Shoals:2: layout_shoals, gammafunk_ghost_tricky_traps, uniq_polyphemus
Shoals:3: layout_shoals, nicolae_shoals_dead_sea_scrolls
Shoals:4: shoals_end_grunt_ice, layout_shoals
Snake:1:  layout_honeycomb
Snake:2:  layout_onion_interference, ebering_ghost_gozag, basic_altar
Snake:3:  layout_honeycomb, ebering_ghost_disaster_area,
          statue_in_the_mist_lemuel, grunt_ministairs_11
Snake:4:  grunt_snake_rune_serpentine_throne, layout_rooms, serial_bayou,
          serial_bayou_crossing, serial_bayou_pond_d, serial_bayou_pond_d,
          serial_bayou_pond_a
Orc:1:    layout_caves
Orc:2:    st_orc_ogre_mass, layout_caves
Vaults:1: hangedman_vaults_restitches, hangedman_vaults_snaps, v_misc_2,
          v_misc_29, v_misc_24, vaults_dpeg_spiral,
          ontoclasm_vaults_decontamination, st_octagons_1, vaults_room_hallway,
          v_misc_8, hangedman_vaults_restitches, hangedman_vaults_trim,
          ontoclasm_vaults_fault, vaults_room_semicircle, vaults_room_hallway,
          layout_vaults_ring
Vaults:2: vaults_mumra_hex, vaults_room_stairs_pillars,
          vaults_mumra_minichess_inversion, hangedman_vaults_slice,
          nicolae_vaults_little_squares_1, v_rooms_3,
          nicolae_vaults_display_case, layout_vaults_omnigrid
Vaults:3: nicolae_vaults_three_branches, hangedman_vaults_slice,
          minmay_crypt_entry_simple_box, nicolae_vaults_what_the_h,
          nicolae_vaults_network_s, grunt_vaults_funneled_arena,
          vaults_mumra_minichess, nicolae_vaults_back_hallway, v_rooms_1,
          nicolae_vaults_little_ls, vaults_room_semicircle,
          grunt_vaults_hallway_long, vaults_dpeg_diagonal,
          layout_vaults_omnibox, serial_shops, freezing_bzr, uniq_sojobo
Vaults:4: v_misc_8, nicolae_vaults_stairing_the_circle, v_rooms_4,
          hangedman_vaults_river_flow, ontoclasm_vaults_tryst,
          nicolae_vaults_mini_display_case, vaults_room_semicircle,
          nicolae_vaults_gold_heap, layout_vaults_omnicross, serial_shops,
          bzr_entry_water
Vaults:5: serial_shops
Depths:1: layout_long_grid, hangedman_abyss_or_decor_slice,
          grunt_hell_entry_demonic_statue, lemuel_flamethrower_2,
          serial_bayou_shore_b
Depths:2: minmay_the_grid_square_5x5_5x5
          [minmay_the_grid_square_5x5_intrusive_squares,
          minmay_the_grid_square_5x5_three, minmay_the_grid_square_5x5_meh,
          minmay_the_grid_square_5x5_forky, minmay_the_grid_square_5x5_corner,
          minmay_the_grid_square_5x5_z,
          minmay_the_grid_square_5x5_prize_pseudospiral,
          minmay_the_grid_square_5x5_checkered_statues,
          minmay_the_grid_square_5x5_prize_junk,
          minmay_the_grid_square_5x5_shrine2,
          minmay_the_grid_square_5x5_hollow_slash,
          minmay_the_grid_square_5x5_inner_z,
          minmay_the_grid_square_5x5_prize_deathbox,
          minmay_the_grid_square_5x5_bridge, minmay_the_grid_square_5x5_bite,
          minmay_the_grid_square_5x5_n,
          minmay_the_grid_square_5x5_prize_rear_guard,
          minmay_the_grid_square_5x5_three_walls,
          minmay_the_grid_square_5x5_prize_waves,
          minmay_the_grid_square_5x5_broken_cross,
          minmay_the_grid_square_5x5_plus,
          minmay_the_grid_square_5x5_two_walls_a,
          minmay_the_grid_square_5x5_minibox,
          minmay_the_grid_square_5x5_three_small,
          minmay_the_grid_square_5x5_lines], layout_cave_pools,
          enter_ziggurat_d, hell_entry, basic_altar
Depths:3: minmay_triangles_in_corner, layout_cave_shapes, hell_entry, pan_entry,
          serial_shops, bzr_entry_lakeside, minmay_shop_grove,
          minmay_staircase_windowed_small
Depths:4: lemuel_vampire_tower, layout_basic, grunt_hell_entry_dis_grunt,
          serial_shops, nicolae_shop_crystal, lemuel_statue_altar, abyss_entry,
          uniq_mara
Depths:5: grunt_twist_and_shout, layout_cave_pools, hangedman_decor_points,
          hell_entry, serial_glass, glass_columns_a, glass_columns_a,
          glass_columns_a, glass_columns_a, glass_columns_b, glass_columns_b,
          glass_columns_a, glass_columns_c
Zot:1:    infiniplex_zot_generator, layout_misc_corridors

Skill      XL: |  1  2  3  4  5  6  7  8  9 10 11 12 13 14 15 16 17 18 19 20 21 22 23 24 25 |
---------------+----------------------------------------------------------------------------+-----
Maces & Flails | 4 5 6 8 9 11 12 14 16 | 16.0
Fighting       | 4 5 6 7 8 10 11 13 14 15 16 17 18 19 20 22 23 24 25 26 27 | 27.0
Armour         | 3 4 5 7 9 11 13 14 15 16 17 18 20 21 22 23 24 25 26 | 26.5
Dodging        | 3 4 5 6 7 8 10 12 13 14 15 16 17 18 20 21 22 23 24 25 26 | 26.2
Shields        | 1 3 5 6 10 13 15 | 15.0
Evocations     | 2 5 |  5.0

Action                   |  1- 3 |  4- 6 |  7- 9 | 10-12 | 13-15 | 16-18 | 19-21 | 22-24 | 25-27 || total
-------------------------+-------+-------+-------+-------+-------+-------+-------+-------+-------++-------
Melee: Mace              |    15 |       |       |       |       |       |       |       |       ||    15
       Headbutt          |     9 |    31 |    59 |   153 |   356 |   458 |   759 |   947 |   193 ||  2965
       Whip              |    65 |   161 |   291 |   608 |       |       |       |       |       ||  1125
       Flail             |       |       |       |    39 |  1279 |  1140 |  1957 |  1284 |       ||  5699
       Eveningstar       |       |       |       |       |       |   327 |       |       |       ||   327
       Demon whip        |       |       |       |       |       |       |       |  1128 |   524 ||  1652
 Fire: Hunting sling     |     9 |    10 |    40 |    62 |    14 |       |       |       |       ||   135
Throw: Stone             |       |     4 |    10 |     4 |     4 |       |       |       |       ||    22
       Javelin           |       |       |       |       |       |    37 |    25 |       |       ||    62
       Throwing net      |       |       |       |       |       |     1 |     2 |       |       ||     3
Invok: Berserk           |       |       |     1 |     3 |     3 |     3 |     3 |     1 |     2 ||    16
       Brothers in Arms  |       |       |       |     2 |     3 |     9 |     8 |     1 |     1 ||    24
       Trog's Hand       |       |       |       |       |       |     2 |     1 |     1 |       ||     4
 Abil: Stop Flying       |       |       |       |       |     1 |       |       |       |     1 ||     2
       Evoke Flight      |       |       |       |       |       |       |       |       |     1 ||     1
Evoke: Wand              |       |       |       |    12 |     6 |     5 |     4 |     5 |       ||    32
       Lamp of fire      |       |       |       |       |       |     1 |     4 |     2 |       ||     7
       Sack of spiders   |       |       |       |       |       |       |     1 |       |       ||     1
       Box of beasts     |       |       |       |       |       |       |     2 |     2 |     2 ||     6
  Use: Scroll            |       |     4 |     4 |     9 |    17 |    11 |    14 |    10 |     3 ||    72
       Potion            |       |       |       |       |     1 |     3 |     6 |     2 |     4 ||    16
 Stab: Distracted        |       |       |       |     2 |     2 |     1 |     2 |       |       ||     7
       Sleeping          |       |       |       |     6 |    18 |       |       |       |       ||    24
       Held in net/web   |       |       |       |       |       |     2 |     2 |       |       ||     4
       Petrifying        |       |       |       |       |       |     2 |       |       |       ||     2
       Petrified         |       |       |       |       |       |     1 |       |     1 |       ||     2
       Paralysed         |       |       |       |       |       |       |       |     2 |     1 ||     3
       Fleeing           |       |       |       |       |       |       |       |     1 |       ||     1
       Confused          |       |       |       |       |       |       |       |       |     1 ||     1
  Eat: Chunk             |     3 |     8 |     9 |    18 |    30 |    18 |     7 |    24 |     9 ||   126
       Ration            |       |       |       |     2 |     2 |    11 |    13 |     5 |     2 ||    35
Armor: Chain mail        |    40 |    74 |    70 |    55 |       |       |       |       |       ||   239
       Troll leather arm |       |       |       |    94 |   261 |     6 |       |       |       ||   361
       Skin              |       |       |       |       |    50 |       |       |       |       ||    50
       Ice dragon scales |       |       |       |       |       |   299 |   298 |       |       ||   597
       Gold dragon scale |       |       |       |       |       |       |    91 |   562 |   140 ||   793
Dodge: Dodged            |    33 |    54 |    61 |   276 |   829 |   903 |  1176 |   933 |   216 ||  4481
Block: Shield            |       |    16 |    75 |       |   441 |  1899 |  2070 |  1902 |   354 ||  6757
       Buckler           |       |       |    15 |   107 |   244 |       |       |       |       ||   366
       Reflection        |       |       |       |       |    14 |   241 |    91 |   188 |    14 ||   548

Table legend:
 A = Non-vault XP
 B = Vault XP
 C = Vault XP percentage of total XP
 D = Non-vault monster count
 E = Vault monster count
 F = Vault count percentage of total count
                 A         B        C        D         E       F
            +---------+---------+-------+---------+---------+-------
      Total |  689002 |  567462 |  45.2 |    1377 |     821 |  37.4
            +---------+---------+-------+---------+---------+-------
        D:1 |      20 |       0 |   0.0 |      12 |       0 |   0.0
        D:2 |      56 |      32 |  36.4 |      12 |       1 |   7.7
        D:3 |     109 |       0 |   0.0 |      26 |       0 |   0.0
        D:4 |     432 |     172 |  28.5 |      21 |       1 |   4.5
        D:5 |     478 |       0 |   0.0 |      22 |       0 |   0.0
        D:6 |    1483 |     128 |   7.9 |      28 |       1 |   3.4
        D:7 |     540 |     997 |  64.9 |      11 |       5 |  31.2
        D:8 |     897 |     663 |  42.5 |      11 |       1 |   8.3
        D:9 |    1291 |    1638 |  55.9 |      42 |      16 |  27.6
       D:10 |    1215 |    2111 |  63.5 |      18 |      10 |  35.7
       D:11 |    6134 |       0 |   0.0 |      31 |       0 |   0.0
       D:12 |    5680 |    7678 |  57.5 |      29 |      13 |  31.0
       D:13 |   16104 |       0 |   0.0 |      44 |       0 |   0.0
       D:14 |   18208 |    6120 |  25.2 |      46 |      12 |  20.7
       D:15 |   37836 |    5718 |  13.1 |      62 |       5 |   7.5
     Lair:1 |    5081 |    1107 |  17.9 |      23 |       3 |  11.5
     Lair:2 |    3584 |    2224 |  38.3 |      12 |      38 |  76.0
     Lair:3 |    5780 |     648 |  10.1 |      25 |       4 |  13.8
     Lair:4 |    5568 |     481 |   8.0 |      17 |       1 |   5.6
     Lair:5 |    2749 |    3656 |  57.1 |       9 |      16 |  64.0
     Lair:6 |   10138 |   11141 |  52.4 |      46 |      43 |  48.3
   Shoals:1 |   13724 |    6818 |  33.2 |      29 |       3 |   9.4
   Shoals:2 |   15351 |    5866 |  27.6 |      27 |       5 |  15.6
   Shoals:3 |   12942 |    1249 |   8.8 |      23 |       2 |   8.0
   Shoals:4 |   14838 |   21574 |  59.2 |      31 |      36 |  53.7
    Snake:1 |   12597 |       0 |   0.0 |      24 |       0 |   0.0
    Snake:2 |   23362 |    4340 |  15.7 |      45 |       8 |  15.1
    Snake:3 |   13751 |    3260 |  19.2 |      28 |       4 |  12.5
    Snake:4 |   22254 |   43733 |  66.3 |      42 |      64 |  60.4
      Orc:1 |    2100 |     915 |  30.3 |      12 |       1 |   7.7
      Orc:2 |    1440 |   17316 |  92.3 |      16 |      35 |  68.6
   Vaults:1 |   25899 |   30840 |  54.4 |      46 |      47 |  50.5
   Vaults:2 |   39989 |   27640 |  40.9 |      61 |      46 |  43.0
   Vaults:3 |   41996 |   60588 |  59.1 |      63 |      69 |  52.3
   Vaults:4 |   70542 |   89625 |  56.0 |     102 |      81 |  44.3
   Vaults:5 |   10715 |   36338 |  77.2 |      18 |      29 |  61.7
   Depths:1 |   80392 |   26218 |  24.6 |     102 |      35 |  25.5
   Depths:2 |   22073 |   43898 |  66.5 |      28 |      28 |  50.0
   Depths:3 |   33322 |   21120 |  38.8 |      50 |      18 |  26.5
   Depths:4 |   82581 |   37813 |  31.4 |      59 |      47 |  44.3
   Depths:5 |   12682 |   21077 |  62.4 |      15 |      12 |  44.4
      Zot:1 |   13069 |       0 |   0.0 |       9 |       0 |   0.0
      IceCv |       0 |    9293 | 100.0 |       0 |      36 | 100.0
    Volcano |       0 |    7970 | 100.0 |       0 |      22 | 100.0
   Gauntlet |       0 |    5457 | 100.0 |       0 |      23 | 100.0
            +---------+---------+-------+---------+---------+-------
